 Dungeon Crawl Stone Soup version 0.28.0-53-g5a82cb258f (webtiles) character file.

Game seed: 1723144671288549245

21 Sin92 the Magician (level 2, -1/20 HPs)
             Began as a Demonspawn Hedge Wizard on July 12, 2022.
             Slain by a worm (5 damage)
             ... on level 2 of the Dungeon.
             The game lasted 00:02:22 (1441 turns).

Sin92 the Magician (Demonspawn Hedge Wizard)        Turns: 1441, Time: 00:02:22

Health: -1/20      AC:  3    Str: 10    XL:     2   Next: 62%
Magic:  4/6        EV: 12    Int: 15    God:
Gold:   21         SH:  0    Dex: 12    Spells: 6/7 levels left

rFire   . . .      SeeInvis .   a - +0 dagger
rCold   . . .      Faith    .   (no shield)
rNeg    . . .      Spirit   .   b - +0 robe
rPois   .          Reflect  .   c - +0 hat
rElec   .          Harm     .   (no cloak)
rCorr   .          Rampage  .   (no gloves)
Will    .....                   d - +0 pair of boots
Stlth   ++........              (no amulet)
HPRegen 0.06/turn               (no ring)
MPRegen 0.10/turn               (no ring)

@: no status effects
A: hooves 1
a: no special abilities


You were on level 2 of the Dungeon.
You visited 1 branch of the dungeon, and saw 2 of its levels.

You collected 21 gold pieces.

Inventory:

Hand Weapons
 a - a +0 dagger (weapon)
 e - a +1 short sword of draining
Armour
 b - a +0 robe (worn)
 c - a +0 hat (worn)
 d - a +0 pair of boots (worn)
Potions
 f - a potion of might {unknown}


   Skills:
 + Level 0.5 Fighting
 + Level 0.4 Short Blades
 + Level 0.3 Armour
 + Level 1.9 Dodging
 + Level 2.0 Stealth
 + Level 3.1 Spellcasting
 + Level 1.1 Conjurations
 - Level 1.0 Summonings
 + Level 1.2 Translocations


You had 6 spell levels left.
You knew the following spells:

 Your Spells              Type           Power      Damage    Failure   Level
a - Magic Dart            Conj           20%        1d4       12%         1

Your spell library contained the following spells:

 Spells                   Type           Power      Damage    Failure   Level
 Blink                    Tloc           12%        N/A       19%         2
 Slow                     Hex            8%         N/A       21%         1
 Call Imp                 Summ           5%         N/A       21%         2
 Conjure Flame            Conj/Fire      4%         6-21      43%         3
 Mephitic Cloud           Conj/Pois/Air  3%         N/A       45%         3
 Ozocubu's Armour         Ice            2%         N/A       52%         3
 Ozocubu's Refrigeration  Ice            1%         4d5       100%        7


Dungeon Overview and Level Annotations

Branches:
Dungeon (2/15)

Altars:


Innate Abilities, Weirdness & Mutations

You have large cloven feet.


Message History

A kobold is nearby!
The magic dart hits the kobold.
The kobold is severely wounded.
The kobold throws a stone.
The stone hits you but does no damage.
The magic dart hits the kobold.
You kill the kobold!
Your life force feels restored.
You can't see any susceptible monsters within range! (Use Z to cast anyway.)
You can't see any susceptible monsters within range! (Use Z to cast anyway.) No target in view!
Things that are here:
a +0 dagger; a stone No target in view!
You open the door.
There is an open door here.
A worm comes into view.
Found 20 bolts.
A worm is nearby!
A worm is nearby!
The helpless worm fails to defend itself.
You puncture the worm!
The worm is severely wounded.
The worm bites you.
The magic dart hits the worm.
The worm is severely wounded.
The magic dart hits the worm.
The worm is almost dead.
The worm bites you!
You are too injured to fight recklessly!
You are too injured to fight recklessly!
You hit the worm but do no damage.
The worm is severely wounded.
You barely miss the worm.
The worm is severely wounded.
The worm bites you.
* * * LOW HITPOINT WARNING * * *
You hit the worm but do no damage.
The worm is severely wounded.
The worm bites you.
You die...

.# #......#
..###......###
.............#####
............(....#
............. #.#
..........# #.#
#....w.# #.# #..@.# #.#
#.#########.#### #.#
#........# ##'##
#.###.##.##### ##...##
#.##.........#
##.....###.##.#######.#
##.......##.##.# #.#
#.....)...#....# #.#
+.........'....# #..


You could see a worm.

Vanquished Creatures
  A worm (D:2)
  3 ball pythons (D:1)
  A bat (D:1)
  A goblin (D:1)
  2 hobgoblins (D:1)
  4 kobolds
  A quokka (D:1)
  A frilled lizard (D:2)
  3 rats (D:1)
17 creatures vanquished.

Vanquished Creatures (others)
  A plant (D:1)
1 creature vanquished.

Grand Total: 18 creatures vanquished

Notes
Turn   | Place    | Note
-------+----------+-------------------------------------------
     0 | D:1      | Sin92 the Demonspawn Hedge Wizard began the quest for the
                  | Orb.
     0 | D:1      | Reached XP level 1. HP: 13/13 MP: 4/4
   155 | D:1      | Found a faded altar of an unknown god.
   333 | D:1      | Reached skill level 1 in Translocations
   457 | D:1      | Gained mutation: You have large cloven feet. [demonic
                  | ancestry]
   457 | D:1      | Reached XP level 2. HP: 13/17 MP: 6/6
  1441 | D:2      | Slain by a worm

Illustrated notes

Levels and vault maps discovered:
D:1:      heliophobic_arrival_battle_scene, layout_rooms,
          shapermc_ecumenical_altar_mp_urbaneastern
D:2:      layout_loops_corners

Skill      XL: |  1  2 |
---------------+-------+-----
Translocations | 1 |  1.2
Stealth        | 2 |  2.0
Fighting       | |  0.5
Short Blades   | |  0.4
Armour         | |  0.3
Dodging        | |  1.9
Spellcasting   | |  3.1
Conjurations   | |  1.1
Summonings     | |  1.0

Action                   || total
-------------------------++-------
Melee: Dagger            ||    46
       Short sword       ||    24
       Punch             ||     1
 Cast: Magic Dart        ||    17
  Use: Scroll            ||     2
 Stab: Sleeping          ||     1
Armor: Robe              ||    17
Dodge: Dodged            ||    43
